 Dungeon Crawl Stone Soup version 0.27-a0-1154-gfdeffcb720 (webtiles) character file.

Game seed: 2469637894697356796

60 chippings the Cudgeller (level 3, -33/28 HPs)
             Began as a Mummy Gladiator on May 14, 2021.
             Killed by an exploding adder (42 damage)
             ... ignited by their inner flame
             ... on level 3 of the Dungeon.
             The game lasted 00:03:59 (1462 turns).

chippings the Cudgeller (Mummy Gladiator)           Turns: 1462, Time: 00:04:00

Health: -33/28     AC:  7    Str: 18    XL:     3   Next: 82%
Magic:  3/3        EV: 11    Int:  7    God:
Gold:   88         SH:  0    Dex: 13    Spells: 2/2 levels left

rFire    x . .     SeeInvis .   p - +3 falchion
rCold    + . .     Faith    .   (no shield)
rNeg     + + +     Spirit   .   m - +0 ring mail
rPois    ∞         Reflect  .   c - +0 helmet
rElec    .         Harm     .   b - +0 cloak
rCorr    .         Rampage  .   (no gloves)
Will     .....                  (no boots)
Stlth    +.........             (no amulet)
HPRegen  0.09/turn              (no ring)
MPRegen  0.08/turn              (no ring)

@: about to teleport
A: cold resistance 1, negative energy resistance 3, torment resistance 2, heat
vulnerability 1, no potions
a: no special abilities


You were on level 3 of the Dungeon.
You visited 1 branch of the dungeon, and saw 3 of its levels.

You collected 88 gold pieces.

Inventory:

Hand Weapons
 a - a +0 flail
 p - a +3 falchion (weapon)
Missiles
 d - 3 throwing nets (quivered)
 l - 6 poisoned darts
 n - 8 javelins
Armour
 b - a +0 cloak (worn)
 c - a +0 helmet (worn)
 h - a +1 pair of gloves of archery
 m - a +0 ring mail (worn)
Magical Staves
 g - a staff of conjuration
Jewellery
 i - a ring of ice
Wands
 o - a wand of flame (22)
Scrolls
 f - 3 scrolls of identify


   Skills:
 + Level 2.8 Fighting
 * Level 3.5 Maces & Flails
 - Level 1.5 Throwing
 - Level 2.4 Dodging


You had 2 spell levels left.
You didn't know any spells.
Your spell library was empty.

Dungeon Overview and Level Annotations

Branches:
Dungeon (3/15)

Altars:

Shops:
D:2 ?


Innate Abilities, Weirdness & Mutations

You are immune to poison.
Your flesh is cold resistant. (rC+)
You are immune to negative energy. (rN+++)
You are immune to unholy pain and torment.
You are vulnerable to heat. (rF-)
You do not drink.


Message History

You hit the orc wizard but do no damage.
The orc wizard misses you.
You slash the orc wizard!
The orc wizard is heavily wounded.
The orc wizard hits you but does no damage.
You miss the orc wizard.
The orc wizard is moderately wounded.
The orc wizard completely misses you.
You riposte.
You hit the orc wizard.
The orc wizard is severely wounded.
The orc wizard closely misses you.
You riposte.
You hit the orc wizard but do no damage.
The orc wizard is severely wounded.
You slash the orc wizard!
You kill the orc wizard!
The adder barely misses you.
As you read the scroll labelled JAWAEC BUAFF, it crumbles to dust.
It is a scroll of identify.
h - a scroll of acquirement The adder bites you but does no damage.
Something appears at your feet!
The adder bites you but does no damage. x2
h - a +0 pair of gloves of archery The adder bites you but does no damage.
As you read the scroll labelled ZEOMUSTEAV, it crumbles to dust.
It is a scroll of enchant armour.
Your +0 pair of gloves of archery glows green for a moment.
The adder bites you.
As you read the scroll labelled BIXZEV RUDUKHLE, it crumbles to dust.
The creatures around you are filled with an inner flame!
It was a scroll of immolation.
The adder barely misses you.
As you read the scroll labelled VOPTUU GOWNIJ, it crumbles to dust.
You feel strangely unstable.
It was a scroll of teleportation.
The adder misses you.
You riposte.
You hit the adder.
Flame seeps out of the adder.
The adder is severely wounded.
The adder is engulfed in blazing flames.
The adder explodes!
The fiery explosion engulfs the orc!!
The fiery explosion engulfs you!!! The fire burns you terribly!
Ouch! That really hurt!
You die...

.....# #............#
♣...♣.###......######
.......##......#
..<...♣........#
.......#.......#
♣o.Jo!.....#
J...o###§####### ...
#○# . #@# #.# #.# #.#
#.# #.. #.# ... #..


You could see an orc (inner flame) and an endoplasm (inner flame).

Vanquished Creatures
  An orc wizard (D:3)
  An adder (D:3)
  A dart slug (D:2)
  An orc (D:3)
  6 bats
  6 endoplasms
  A giant cockroach (D:1)
  2 goblins (D:2)
  2 hobgoblins (D:1)
  2 kobolds
  3 ball pythons
  3 frilled lizards
  2 rats (D:1)
31 creatures vanquished.

Notes
Turn   | Place    | Note
-------+----------+-------------------------------------------
     0 | D:1      | chippings the Mummy Gladiator began the quest for the Orb.
     0 | D:1      | Reached XP level 1. HP: 16/16 MP: 1/1
   198 | D:1      | Reached XP level 2. HP: 12/22 MP: 2/2
   600 | D:1      | Reached skill level 3 in Maces & Flails
  1095 | D:2      | Found Ixuhuva's Magic Scroll Boutique.
  1234 | D:2      | Reached XP level 3. HP: 28/28 MP: 3/3
  1457 | D:3      | Identified a scroll of acquirement
  1458 | D:3      | Acquired a +0 pair of gloves of archery
  1462 | D:3      | Killed by an exploding adder... ignited by their inner
                  | flame

Illustrated notes

Levels and vault maps discovered:
D:1:      roderic_dead_forest, layout_basic, serial_forest,
          infiniplex_forest_straight_2, infiniplex_forest_straight_2,
          infiniplex_forest_straight_1, infiniplex_forest_clump_double,
          infiniplex_forest_join, infiniplex_forest_lined_room_3
D:2:      layout_basic, serial_shops, shop, hex_tiny, minmay_misc_feat_rugged
D:3:      layout_loops_ring, lemuel_doored_altar, nemelex_spade_bored_becter,
          hellmonk_ecumenical_altar_lost_god, minivault_19, grunt_ministairs_2

Skill      XL: |  1  2 |
---------------+-------+-----
Maces & Flails | 3 |  3.5
Fighting       | |  2.8
Throwing       | |  1.5
Dodging        | |  2.4

Action                   || total
-------------------------++-------
Melee: Flail             ||    57
       Falchion          ||     6
  Use: Scroll            ||     5
 Stab: Sleeping          ||     1
Armor: Leather armour    ||    40
       Ring mail         ||     7
Dodge: Dodged            ||    69
       Rpst.: Falchion   ||     3

Table legend: (Time is in decaauts)
 A = Elapsed time spent in this place.
 B = Non-inter-level travel time spent in this place.
 C = Inter-level travel time spent in this place.
 D = Time resting spent in this place.
 E = Time spent auto-exploring this place.
 F = Levels seen in this place.
 G = Mean time per level.
                   A        B        C        D        E       F      G
               +--------+--------+--------+--------+--------+-----+--------+
         Total |   1478 |   1450 |     28 |      0 |   1005 |   3 |  492.7 |
       Dungeon |   1478 |   1450 |     28 |      0 |   1005 |   3 |  492.7 |
               +--------+--------+--------+--------+--------+-----+--------+

Top non-repeatable levels by time:
     D:2: 738 daAuts
     D:1: 680 daAuts
     D:3: 60 daAuts
